 Dungeon Crawl Stone Soup version 0.29.1-2-gbd0b4ee654 (webtiles) character file.

Game seed: 17708543806547113652

309094 bullfish the Slayer (level 20, -1/206 HPs)
             Began as a Minotaur Berserker on Nov 15, 2022.
             Was a High Priest of Trog.
             Splashed with acid (14 damage)
             ... on level 4 of the Pits of Slime on Nov 16, 2022.
             The game lasted 05:15:19 (41914 turns).

bullfish the Slayer (Minotaur Berserker)           Turns: 41914, Time: 05:15:19

Health: -1/206     AC: 34    Str: 34 (35) XL:     20   Next: 36%
Magic:  17/17      EV: 12    Int:  7      God:    Trog [*****.]
Gold:   2953       SH: 26    Dex: 12      Spells: 19/19 levels left

rFire   x . .      SeeInvis +   b - +9 trident of Lutin {vorpal, rC+ Dex+6}
rCold   + . .      Faith    .   z - +7 tower shield
rNeg    . . .      Spirit   .   P - +9 plate armour of Marbles {rPois rF- Regen+ Int+3}
rPois   +          Reflect  .   V - +1 hat {Will+}
rElec   .          Harm     .   e - +2 cloak
rCorr   +          Rampage  .   X - +1 pair of gloves
Will    +++..      Rage     3%  y - +4 pair of boots of the Ladybird {Regen+ rCorr Str+4 Dex-5}
Stlth   .......... Rnd*Tele +   H - amulet of regeneration
HPRegen 2.84/turn               O - ring of Lady Luck {Dex+4 SInv}
MPRegen 0.15/turn               E - ring of Joeck {rPois Will+ rCorr Str+3 Int+4}

@: marked, on berserk cooldown, slowed, studying Polearms, unable to drink, very
slow
A: horns 2, retaliatory headbutt, berserk 1, clumsy 2, deformed body,
deterioration 1, dopey 2, low MP 1, teleportitis 1, weak 1, inability to drink
after injury 1, devolution 1
}: 2/15 runes: decaying, serpentine
a: Renounce Religion, Berserk, Trog's Hand, Brothers in Arms


You were on level 4 of the Pits of Slime.
You worshipped Trog.
Trog was extremely pleased with you.
You visited 7 branches of the dungeon, and saw 37 of its levels.
You also visited: Bailey, Ice Cave and Volcano.

You collected 4551 gold pieces.
You spent 1598 gold pieces at shops.

Inventory:

Hand Weapons
 a - the +8 trishula "Condemnation" {holy, anguish, *Noise Fly rN+}
   (You found it on level 5 of the Dungeon)

   It has been blessed by the Shining One to cause great damage to the undead
   and demons.
   It inflicts anguish, making its victims' attacks reflect back on them.
   rN:        It protects you from negative energy.
   Fly:       It grants you flight.
   *Noise:    It may make noises in combat.
 b - the +9 trident of Lutin (weapon) {vorpal, rC+ Dex+6}
   (Trog gifted it to you on level 4 of the Snake Pit)

   It inflicts extra damage upon your enemies.
   Dex:       It affects your dexterity (+6).
   rC:        It protects you from cold.
Missiles
 l - 3 silver javelins
 m - 5 curare-tipped darts
 G - 8 boomerangs (quivered)
 R - 2 boomerangs of dispersal
 U - 9 atropa-tipped darts
Armour
 e - a +2 cloak (worn)
 y - the +4 pair of boots of the Ladybird (worn) {Regen+ rCorr Str+4 Dex-5}
   (You found it on level 1 of the Elven Halls)

   Str:       It affects your strength (+4).
   Dex:       It affects your dexterity (-5).
   Regen:     It increases your rate of health regeneration.
   rCorr:     It protects you from acid and corrosion.
 z - a +7 tower shield (worn)
 P - the +9 plate armour of Marbles (worn) {rPois rF- Regen+ Int+3}
   (You found it on level 4 of the Snake Pit)

   Int:       It affects your intelligence (+3).
   rF:        It makes you vulnerable to fire.
   rPois:     It protects you from poison.
   Regen:     It increases your rate of health regeneration.
 V - a +1 hat of willpower (worn)
 X - a +1 pair of gloves (worn)
Jewellery
 i - a ring of protection from fire
 E - the ring of Joeck (right hand) {rPois Will+ rCorr Str+3 Int+4}
   (You took it off a deep elf high priest on level 3 of the Elven Halls)

   [ring of resist corrosion]

   Str:       It affects your strength (+3).
   Int:       It affects your intelligence (+4).
   rPois:     It protects you from poison.
   rCorr:     It protects you from acid and corrosion.
   Will:      It increases your willpower.
 H - an amulet of regeneration (around neck)
 I - the macabre finger necklace {rN+}
   (You took it off a deep elf demonologist on level 3 of the Elven Halls)

   [amulet of nothing]

   It enables you to equip an extra ring.
   rN:        It protects you from negative energy.
 O - the ring of Lady Luck (left hand) {Dex+4 SInv}
   (You took it off a deep elf high priest on level 3 of the Elven Halls)

   [ring of see invisible]

   Dex:       It affects your dexterity (+4).
   SInv:      It lets you see invisible.
Wands
 g - a wand of flame (94)
 w - a wand of quicksilver (34)
 Q - a wand of charming (24)
 W - a wand of iceblast (42)
 Z - a wand of polymorph (28)
Scrolls
 d - 13 scrolls of identify
 f - 3 scrolls of blinking
 h - 3 scrolls of fear
 j - 8 scrolls of fog
 k - 9 scrolls of vulnerability
 n - 6 scrolls of immolation
 p - 6 scrolls of poison
 q - 5 scrolls of magic mapping
 s - 2 scrolls of summoning
 x - 2 scrolls of teleportation
 C - 4 scrolls of torment
Potions
 c - 7 potions of cancellation
 o - 12 potions of curing
 r - 5 potions of haste
 t - 7 potions of lignification
 v - a potion of flight
 A - 6 potions of invisibility
 F - 5 potions of might
 J - 2 potions of resistance
 K - 9 potions of attraction
 L - 4 potions of ambrosia


   Skills:
 - Level 24.0 Fighting
 - Level 10.0(16.0) Axes
 + Level 19.6(20.4) Polearms
 - Level 7.8 Ranged Weapons
 - Level 12.0 Throwing
 - Level 16.9 Armour
 - Level 13.6 Dodging
 - Level 17.3 Shields
 - Level 10.0 Evocations


You had 19 spell levels left.
You didn't know any spells.
Your spell library was empty.

Dungeon Overview and Level Annotations

Branches:
Dungeon (15/15)            Temple (0/1) D:7            Lair (5/5) D:11
  Swamp (4/4) Lair:2        Snake (4/4) Lair:3        Slime (4/5) Lair:5
    Orc (2/2) D:9             Elf (3/3) Orc:2        Vaults (0/5) D:13
 Depths (0/4) D:15         Bailey (visited)           IceCv (visited)
Volcano (visited)

Altars:
Cheibriados
Elyvilon
Gozag
Makhleb
Nemelex Xobeh
Vehumet
Yredelemnul
Jiyva

Shops:
D:5 ?*   D:14 (?:   Orc:2 *[((   Snake:1 !(!(   Snake:3 [:?[

Annotations:
D:12 exclusion: ice statue


Innate Abilities, Weirdness & Mutations

You have a pair of horns on your head.
You reflexively headbutt those who attack you in melee.
You sometimes lose your temper in combat.
You are very clumsy. (Dex -4)
Armour fits poorly on your strangely shaped body.
Your body sometimes deteriorates upon taking damage.
You are very dopey. (Int -4)
Your magical capacity is low. (-10% MP)
You are occasionally teleported next to monsters.
You are weak. (Str -2)
You occasionally lose the ability to drink potions when taking damage.
You have hidden genetic defects.


Message History

* * * LOW HITPOINT WARNING * * *
Your body deteriorates!
You feel weakened.
You stumble backwards!
You block the rockslime's attack.
You cannot drink potions in your current state!
Blink to where?
Press: ? - help, Dir - move target
Found a stone staircase leading down.
As you read the scroll of blinking, it crumbles to dust.
You are splashed with acid.
* * * LOW HITPOINT WARNING * * *
Your surroundings suddenly seem different.
A rockslime and an acid blob come into view.
The rockslime quivers.
The acid blob quivers.
The acid blob spits acid at you.
The splash of acid hits you but does no damage.
The acid blob spits acid at you. The splash of acid misses you.
You cannot drink potions in your current state!
Unknown command.
As you read the scroll of fog, it crumbles to dust.
The scroll dissolves into smoke.
A sourceless malevolence fills the Pits of Slime...
With a horrendous wail, an alarm goes off!
A sentinel's mark forms upon you.
You are splashed with acid.
* * * LOW HITPOINT WARNING * * *
The rockslime misses you. You furiously retaliate!
You headbutt the rockslime.
Blink to where?
Press: ? - help, Dir - move target
As you read the scroll of blinking, it crumbles to dust.
You block the acid blob's attack.
The acid blob hits you but does no damage.
An acid blob is nearby!
An acid blob is nearby!
You are splashed with acid!
* * * LOW HITPOINT WARNING * * *
You block the acid blob's attack. x2
The rockslime attacks as you move away! You block the rockslime's attack.
You are splashed with acid!
You die...

..... #......... ##
....###.........
#.##...............
...................
#..........#.......
#........§§§§§....#
#.......§§.§§#
###.....JJ§#§##
#......@..####
......#.###
#....#### ##... ##.
#


You could see an acid blob and a rockslime.

Vanquished Creatures
  the Lernaean hydra (Swamp:4)
  Jorgrun (Swamp:3)
  2 deep elf master archers (Elf:3)
  2 deep elf blademasters
  5 acid blobs
  Gastronok (D:11)
  Kirke (Lair:5)
  3 azure jellies
  4 rockslimes
  2 nagarajas (Snake:4)
  3 deep elf sorcerers
  Louise (D:15)
  2 orc warlords (Orc:2)
  2 deep elf elementalists (Elf:3)
  2 ghouls (Swamp:4)
  3 quicksilver oozes
  3 deep elf annihilators
  8 deep elf demonologists (Elf:3)
  6 eleionomae
  5 bunyips
  3 deep elf death magi
  Josephine (D:12)
  6 deep elf high priests (Elf:3)
  The ghost of safid the Marksminotaur, a journeyman MiHu of Okawaru (D:10)
  4 boulder beetles
  19 hydras
  4 salamander tyrants (Snake:4)
  2 ogre magi
  2 centaur warriors
  3 catoblepae
  5 alligators
  15 anacondas
  5 ghost crabs
  Erica (Orc:1)
  30 dancing weapons
  7 two-headed ogres
  A deep troll shaman (Lair:5)
  12 naga warriors
  9 death yaks
  2 tengu warriors (D:13)
  11 naga sharpshooters
  An orc high priest (Orc:2)
  3 shock serpents
  The ghost of Wentworth the Frost Mage, a journeyman VSIE of Gozag (D:11)
  18 deep elf knights
  A spectral death yak (Lair:4)
  A fire crab (Lair:5)
  4 skeletal warriors (D:15)
  5 goliath frogs
  A swamp dragon (shapeshifter) (Elf:1)
  Lodul (D:12)
  4 spriggan druids
  4 salamander mystics
  7 deep elf archers
  A death drake (Swamp:3)
  14 bog bodies
  8 naga ritualists
  12 swamp dragons
  A spectral hydra (Lair:4)
  A necromancer (D:15)
  3 orc knights (Orc:2)
  31 deep elf zephyrmancers
  A lindwurm (Lair:5)
  A wolf spider zombie (D:15)
  3 oklob plants (Lair:5)
  2 wolf spiders (Lair:5)
  33 deep elf pyromancers
  14 mana vipers
  5 orc sorcerers
  8 cyclopes
  2 manticores
  11 salamanders
  7 shining eyes
  2 centaur zombies (D:15)
  5 will-o-the-wisps (Swamp:4)
  9 ugly things
  3 ice statues (IceCv)
  14 naga magi
  2 torpor snails
  46 black mambas
  4 gargoyles
  3 guardian serpents (Snake:4)
  5 elephants
  A centaur skeleton (D:15)
  2 rime drakes
  16 cane toads
  2 unseen horrors
  A freezing wraith (IceCv)
  An anaconda simulacrum (IceCv)
  5 komodo dragons
  A tengu conjurer (D:15)
  2 ice devils (Orc:2)
  4 trolls
  A bloated husk (Swamp:3)
  2 polar bears
  4 dream sheep (Lair:5)
  5 tyrant leeches
  Grinder (D:4)
  11 blink frogs
  9 hornets
  A blink frog (shapeshifter) (D:15)
  53 slime creatures
  2 spectral black mambas (Lair:4)
  A spriggan (shapeshifter) (D:14)
  2 dire elephant simulacra (IceCv)
  An air elemental (Elf:3)
  4 wyverns
  4 water elementals
  57 yaks
  4 basilisks
  9 spriggans
  3 fire bats (Lair:4)
  6 golden eyes (Slime:2)
  A hog (Lair:5)
  24 vampire mosquitoes
  9 wraiths
  9 fire elementals
  Grum (D:8)
  A steam dragon (Bailey)
  A death yak simulacrum (IceCv)
  3 wargs
  A harpy simulacrum (IceCv)
  45 nagas
  19 swamp worms
  13 water moccasins
  6 hell hounds (Volcano)
  6 acid dragons
  A floating eye (shapeshifter) (D:12)
  25 orc warriors
  2 sky beasts
  10 swamp drakes
  4 black bears
  A black mamba simulacrum (Lair:4)
  An ice beast (D:5)
  A boulder beetle simulacrum (Lair:4)
  21 ogres
  23 wolves
  4 centaurs
  2 phantoms
  12 bullfrogs
  5 gnoll sergeants
  5 scorpions
  A cane toad simulacrum (IceCv)
  4 earth elementals
  5 wights (D:7)
  2 elephant simulacra (IceCv)
  4 killer bees (D:9)
  A howler monkey (D:8)
  7 electric eels
  3 hounds
  2 jellies (D:4)
  14 orc priests
  2 iguanas
  29 orc wizards
  Natasha (twice) (D:4)
  A wolf simulacrum (IceCv)
  Robin (D:4)
  23 gnolls
  5 adders
  2 shadow imps
  2 white imps (D:6)
  An ufetubus (D:5)
  4 worms
  3 dart slugs
  71 orcs
  9 ball pythons
  8 endoplasms
  2 giant cockroaches
  14 goblins
  16 hobgoblins
  4 jackals
  2 quokkas
  7 bats
  A frilled lizard (D:1)
  4 kobolds
  5 rats
1234 creatures vanquished.

Vanquished Creatures (collateral kills)
  The ghost of Tunlugh the Earth Mage, an adept GrEE of Vehumet (Lair:4)
  A quicksilver dragon (Snake:3)
  Agnes (D:15)
  2 deep elf annihilators (Elf:2)
  A deep elf death mage (Elf:3)
  A deep elf high priest (Elf:2)
  Erolcha (D:9)
  A boulder beetle (D:10)
  A dancing weapon (Elf:2)
  2 orc high priests (Orc:2)
  4 deep elf knights (Elf:2)
  2 naga sharpshooters (Snake:4)
  A salamander mystic (Snake:2)
  2 spriggan druids (Swamp:3)
  3 deep elf archers
  2 deep elf pyromancers (Elf:2)
  2 mana vipers
  An orc sorcerer (Orc:2)
  A black mamba (Snake:1)
  2 nagas
  3 orc warriors (Orc:2)
  3 orc priests (Orc:2)
  2 orcs (Orc:2)
40 creatures vanquished.

Vanquished Creatures (others)
  Rupert (D:15)
  A quicksilver dragon (Snake:4)
  2 nagarajas
  An eleionoma (Swamp:4)
  A shambling mangrove (Swamp:4)
  A hydra (D:12)
  A two-headed ogre (D:13)
  A naga warrior (Snake:4)
  2 shock serpents
  A deep elf knight (Elf:3)
  A skeletal warrior (D:15)
  2 salamander mystics
  A goliath frog (Swamp:3)
  A spriggan druid (Swamp:4)
  A naga ritualist (Snake:4)
  A swamp dragon (Swamp:4)
  An orc knight (Orc:2)
  A deep elf zephyrmancer (Elf:1)
  3 deep elf pyromancers
  2 ugly things (D:15)
  A black mamba (Snake:1)
  A naga mage (Snake:1)
  A komodo dragon (Lair:5)
  A troll (Orc:2)
  A bloated husk (Swamp:1)
  2 hornets
  2 tyrant leeches
  A spriggan (Swamp:4)
  4 yaks
  A human (Lair:5)
  A naga (Lair:3)
  An orc warrior (Orc:2)
  A black bear (D:11)
  An ogre (Bailey)
  19 foxfires (Swamp:4)
  47 fungi
  115 plants
226 creatures vanquished.

Grand Total: 1500 creatures vanquished

Notes
Turn   | Place    | Note
-------+----------+-------------------------------------------
     0 | D:1      | bullfish the Minotaur Berserker began the quest for the
                  | Orb.
     0 | D:1      | Reached XP level 1. HP: 19/19 MP: 0/0
   303 | D:1      | Reached XP level 2. HP: 18/26 MP: 1/1
   599 | D:1      | Reached skill level 5 in Axes
  1013 | D:1      | Reached XP level 3. HP: 31/31 MP: 2/2
  1081 | D:1      | Reached ** piety under Trog
  2256 | D:3      | Reached XP level 4. HP: 22/39 MP: 3/3
  2997 | D:3      | Found a sparkling altar of Nemelex Xobeh.
  3052 | D:3      | Found a white marble altar of Elyvilon.
  3372 | D:4      | Noticed Natasha
  3380 | D:4      | Killed Natasha
  3523 | D:4      | Found the +18 Lear's hauberk
  3706 | D:4      | Noticed Grinder
  3717 | D:4      | Killed Grinder
  3718 | D:4      | Reached XP level 5. HP: 45/45 MP: 4/4
  3718 | D:4      | Reached XP level 6. HP: 51/51 MP: 5/5
  3750 | D:4      | Noticed Robin
  3768 | D:4      | Killed Robin
  3797 | D:4      | Found a burning altar of Makhleb.
  3979 | D:4      | Reached *** piety under Trog
  4122 | D:4      | Reached XP level 7. HP: 57/57 MP: 6/6
  4360 | D:4      | Noticed Natasha
  4366 | D:4      | Killed Natasha
  4367 | D:4      | Reached skill level 10 in Axes
  4645 | D:5      | Entered Level 5 of the Dungeon
  4650 | D:5      | Reached skill level 4 in Fighting
  4673 | D:5      | Reached skill level 5 in Fighting
  4708 | D:5      | Found Gozag's Platinum Reserve.
  4727 | D:5      | Found an opulent altar of Gozag.
  4889 | D:5      | Reached skill level 6 in Fighting
  4889 | D:5      | Found a snail-covered altar of Cheibriados.
  4909 | D:5      | Reached skill level 7 in Fighting
  4911 | D:5      | Reached XP level 8. HP: 61/73 MP: 7/7
  5203 | D:5      | Found Efietu's Magic Scroll Boutique.
  5220 | D:5      | Bought a scroll of identify for 24 gold pieces
  5220 | D:5      | Bought a scroll of identify for 24 gold pieces
  5220 | D:5      | Bought a scroll of identify for 24 gold pieces
  5220 | D:5      | Bought a scroll of identify for 24 gold pieces
  5220 | D:5      | Bought a scroll of identify for 24 gold pieces
  5256 | D:5      | Reached skill level 8 in Fighting
  5381 | D:5      | Reached skill level 9 in Fighting
  5414 | D:5      | Found the +8 trishula "Condemnation" {holy, anguish, *Noise
                  | Fly rN+}
  5465 | D:5      | Reached skill level 10 in Fighting
  5473 | D:5      | Reached XP level 9. HP: 77/86 MP: 8/8
  5567 | D:6      | Reached skill level 5 in Polearms
  5570 | D:6      | Reached **** piety under Trog
  6291 | D:7      | Reached skill level 5 in Armour
  6349 | D:7      | Found a flagged portal.
  6374 | Bailey   | Entered a bailey
  6385 | Bailey   | Reached ***** piety under Trog
  6394 | Bailey   | Reached XP level 10. HP: 91/94 MP: 9/9
  6569 | Bailey   | Reached skill level 10 in Polearms
  6647 | Bailey   | Noticed a two-headed ogre
  6654 | Bailey   | Killed a two-headed ogre
  6829 | D:7      | Found a staircase to the Ecumenical Temple.
  7455 | D:8      | Noticed a two-headed ogre
  7461 | D:8      | Killed a two-headed ogre
  7768 | D:8      | Noticed Grum
  7776 | D:8      | Killed Grum
  7996 | D:8      | Found a basalt altar of Yredelemnul.
  8047 | D:9      | Reached XP level 11. HP: 86/101 MP: 10/10
  8230 | D:9      | Found a staircase to the Orcish Mines.
  8446 | D:9      | Noticed a two-headed ogre
  8451 | D:9      | Killed a two-headed ogre
  8452 | D:9      | Reached skill level 10 in Armour
  8773 | D:9      | Noticed Erolcha
  8785 | D:9      | Killed Erolcha
  8861 | D:10     | Entered Level 10 of the Dungeon
  9002 | D:10     | Found a runed translucent door.
  9320 | D:10     | Noticed safid's ghost (journeyman MiHu)
  9321 | D:10     | Noticed a boulder beetle
  9353 | D:10     | Killed safid's ghost
  9353 | D:10     | Killed a boulder beetle
  9354 | D:10     | Reached skill level 5 in Dodging
  9409 | D:11     | Noticed Gastronok
  9423 | D:11     | Killed Gastronok
  9562 | D:11     | Noticed a two-headed ogre
  9571 | D:11     | Killed a two-headed ogre
  9606 | D:11     | Found a staircase to the Lair.
  9659 | Lair:1   | Entered Level 1 of the Lair of Beasts
 10052 | Lair:1   | Reached XP level 12. HP: 107/107 MP: 11/11
 10301 | Lair:1   | Reached skill level 10 in Dodging
 10413 | Lair:1   | Reached skill level 1 in Throwing
 10801 | Lair:2   | Noticed a four-headed hydra
 10806 | Lair:2   | Killed a four-headed hydra
 10809 | Lair:2   | Reached skill level 5 in Throwing
 11093 | Lair:2   | Noticed an eight-headed hydra
 11104 | Lair:2   | Killed an eight-headed hydra
 11437 | Lair:2   | Found a staircase to the Swamp.
 11853 | Lair:2   | Reached skill level 10 in Throwing
 12100 | Lair:2   | Noticed a death yak
 12106 | Lair:2   | Killed a death yak
 12107 | Lair:2   | Reached XP level 13. HP: 114/114 MP: 12/12
 12694 | Lair:3   | Reached skill level 1 in Evocations
 12917 | Lair:3   | Received a gift from Trog
 13131 | Lair:3   | Found a staircase to the Snake Pit.
 13754 | Lair:4   | Reached skill level 5 in Evocations
 14224 | Lair:4   | Found a dark tunnel.
 14234 | Volcano  | Entered a volcano
 14840 | Lair:4   | Found a runed translucent gate.
 14840 | Lair:4   | Found a runed translucent gate.
 14840 | Lair:4   | Found a runed translucent gate.
 14841 | Lair:4   | Noticed Tunlugh's ghost (adept GrEE)
 14859 | Lair:4   | Killed Tunlugh's ghost
 14998 | Lair:5   | Entered Level 5 of the Lair of Beasts
 15169 | Lair:5   | Reached XP level 14. HP: 111/122 MP: 13/13
 15239 | Lair:5   | Reached skill level 10 in Evocations
 15310 | Lair:5   | Reached skill level 11 in Fighting
 15389 | Lair:5   | Noticed Kirke
 15406 | Lair:5   | Killed Kirke
 15493 | Lair:5   | Received a gift from Trog
 15685 | Lair:5   | Found a viscous altar of Jiyva.
 16112 | Lair:5   | Found a staircase to the Slime Pits.
 16266 | Lair:5   | Reached skill level 12 in Fighting
 16391 | Lair:5   | Identified the +2 longbow of Neurosis {speed, rN+}
 16429 | Lair:5   | Reached skill level 1 in Ranged Weapons
 16736 | D:11     | Noticed Wentworth's ghost (journeyman VSIE)
 16737 | D:11     | Found a runed translucent door.
 16747 | D:11     | Killed Wentworth's ghost
 17974 | D:12     | Reached skill level 5 in Ranged Weapons
 18322 | D:12     | Noticed Josephine
 18332 | D:12     | Killed Josephine
 18354 | D:12     | Paralysed by a floating eye for 3 turns
 18361 | D:12     | Paralysed by a floating eye for 3 turns
 18442 | D:12     | Noticed Lodul
 18460 | D:12     | Killed Lodul
 18946 | D:13     | Reached skill level 1 in Shields
 18992 | D:13     | Found a gate to the Vaults.
 19105 | D:13     | Identified the +4 broad axe of War {flame, rElec} (Trog
                  | gifted it to you on level 13 of the Dungeon)
 19105 | D:13     | Received a gift from Trog
 19130 | D:13     | Reached XP level 15. HP: 134/134 MP: 14/14
 19196 | D:13     | Reached ****** piety under Trog
 19197 | D:13     | Reached skill level 5 in Shields
 19809 | D:14     | Found Wupery's Book Emporium.
 19868 | D:14     | Found Leqet's Magic Scroll Shoppe.
 19876 | D:14     | Bought a scroll of enchant armour for 90 gold pieces
 20089 | D:14     | Identified the +10 quarterstaff "Jebixich" {drain, Fly
                  | Stlth+}
 20093 | D:14     | Found Venwobruzygu's Antique Weapon Emporium.
 20754 | Orc:1    | Entered Level 1 of the Orcish Mines
 20849 | Orc:2    | Entered Level 2 of the Orcish Mines
 20849 | Orc:2    | Found a staircase to the Elven Halls.
 20993 | Orc:2    | Noticed an orc warlord
 21012 | Orc:2    | Noticed an orc warlord
 21016 | Orc:2    | Killed an orc warlord
 21038 | Orc:2    | Killed an orc warlord
 21369 | Orc:2    | Found a frozen archway.
 21390 | IceCv    | Entered an ice cave
 21435 | IceCv    | Reached skill level 10 in Shields
 21949 | Orc:2    | Received a gift from Trog
 22077 | Orc:2    | Found Muoth's Armour Shop.
 22077 | Orc:2    | Found Dara's Assorted Antiques.
 22079 | Orc:2    | Found Voklivvi's Weapon Shop.
 22079 | Orc:2    | Found Kec Zarch's Weapon Emporium.
 22560 | Orc:1    | Noticed Erica
 22583 | Orc:1    | Killed Erica
 22979 | Swamp:1  | Entered Level 1 of the Swamp
 23998 | Swamp:2  | Reached skill level 13 in Fighting
 24202 | Swamp:2  | Reached XP level 16. HP: 131/143 MP: 15/15
 24237 | Swamp:2  | HP: 3/144 [acid[a spriggan druid] (6)]
 24242 | Swamp:2  | HP: 7/144 [poison (poison gas)]
 24247 | Swamp:2  | HP: 4/144 [poison (poison gas)]
 24252 | Swamp:2  | HP: 4/144 [poison (poison gas)]
 24889 | D:15     | Entered Level 15 of the Dungeon
 24954 | D:15     | Noticed Rupert
 24966 | D:15     | Killed Rupert
 24981 | D:15     | Noticed Agnes
 24985 | D:15     | Killed Agnes
 25554 | D:15     | Found a staircase to the Depths.
 25717 | D:15     | Noticed Louise
 25771 | D:15     | Killed Louise
 25779 | D:15     | Reached skill level 14 in Fighting
 26735 | Swamp:3  | Received a gift from Trog
 27248 | Swamp:3  | Noticed Jorgrun
 27274 | Swamp:3  | Killed Jorgrun
 27470 | Swamp:4  | Entered Level 4 of the Swamp
 27650 | Swamp:3  | Paralysed by a hornet for 3 turns
 28288 | Swamp:4  | Reached XP level 17. HP: 152/152 MP: 16/16
 28433 | Swamp:4  | Received a gift from Trog
 28742 | Swamp:4  | Reached skill level 15 in Polearms
 28929 | Swamp:4  | Identified the +2 troll leather armour of the Playwright
                  | {rPois Regen+ Str-2 Dex+4 Slay+5}
 28953 | Swamp:4  | Reached skill level 15 in Shields
 29107 | Swamp:4  | Identified the +6 plate armour of Plasticity {Rampage
                  | Regen+ Str+3}
 29114 | Swamp:4  | Noticed the 27-headed Lernaean hydra
 29129 | Swamp:4  | Killed the 27-headed Lernaean hydra
 29182 | Swamp:4  | Got a decaying rune of Zot
 29808 | Snake:1  | Entered Level 1 of the Snake Pit
 29846 | Snake:1  | Found Eschum's Distillery.
 29858 | Snake:1  | Found Poerr's Distillery.
 29858 | Snake:1  | Found Faicymig's Weapon Shop.
 29861 | Snake:1  | Found Weklyrch's Weapon Boutique.
 29879 | Snake:1  | Bought a potion of curing for 45 gold pieces
 29879 | Snake:1  | Bought a potion of heal wounds for 75 gold pieces
 29879 | Snake:1  | Bought a potion of invisibility for 120 gold pieces
 29891 | Snake:1  | Bought a potion of haste for 160 gold pieces
 29891 | Snake:1  | Bought a potion of curing for 48 gold pieces
 29891 | Snake:1  | Bought a potion of haste for 160 gold pieces
 29916 | Snake:1  | Reached skill level 15 in Armour
 29934 | Snake:1  | HP: 7/152 [naga ritualist/Olgreb's Toxic Radiance (1)]
 31324 | Snake:2  | Reached skill level 15 in Fighting
 31566 | Snake:2  | Reached XP level 18. HP: 97/166 MP: 17/17
 31684 | Snake:2  | Reached skill level 16 in Fighting
 32334 | Snake:3  | Found Tuqashronk's Magic Scroll Shop.
 32334 | Snake:3  | Found Omuluon's Armour Shop.
 32343 | Snake:3  | Found Temupa's Book Shop.
 32344 | Snake:3  | Found Wyoman's Antique Armour Shop.
 32349 | Snake:3  | Bought a scroll of acquirement for 780 gold pieces
 32355 | Snake:3  | Acquired a manual of Fighting
 32551 | Snake:3  | Reached skill level 17 in Fighting
 32695 | Snake:4  | Entered Level 4 of the Snake Pit
 32969 | Snake:4  | Reached skill level 18 in Fighting
 33306 | Snake:4  | Identified the +9 plate armour of Marbles {rPois rF- Regen+
                  | Int+3}
 33910 | Snake:4  | Received a gift from Trog
 33954 | Snake:4  | Reached skill level 19 in Fighting
 34240 | Snake:4  | Reached skill level 20 in Fighting
 34518 | Snake:4  | Reached skill level 21 in Fighting
 34544 | Snake:4  | Identified the +9 trident of Lutin {vorpal, rC+ Dex+6}
                  | (Trog gifted it to you on level 4 of the Snake Pit)
 34544 | Snake:4  | Received a gift from Trog
 34679 | Snake:4  | Got a serpentine rune of Zot
 35371 | Elf:1    | Entered Level 1 of the Elven Halls
 35638 | Elf:1    | Reached skill level 22 in Fighting
 35830 | Elf:1    | Identified the +4 pair of boots of the Ladybird {Regen+
                  | rCorr Str+4 Dex-5}
 36122 | Elf:2    | Found a radiant altar of Vehumet.
 36238 | Elf:2    | Received a gift from Trog
 36306 | Elf:2    | Reached XP level 19. HP: 193/193 MP: 18/18
 36371 | Elf:2    | Found a runed translucent gate.
 36373 | Elf:2    | Found a runed translucent gate.
 36373 | Elf:2    | Found a runed translucent gate.
 36450 | Elf:2    | Reached skill level 23 in Fighting
 37175 | Elf:2    | Reached skill level 24 in Fighting
 37510 | Elf:2    | Received a gift from Trog
 37650 | Elf:3    | Entered Level 3 of the Elven Halls
 37792 | Elf:3    | Paralysed by an air elemental for 1 turns
 38746 | Elf:3    | Identified the +9 trident of Hedonism {vorpal, rC+} (Trog
                  | gifted it to you on level 3 of the Elven Halls)
 38746 | Elf:3    | Received a gift from Trog
 38890 | Elf:3    | Identified the ring of Lady Luck {Dex+4 SInv}
 38905 | Elf:3    | Identified the +3 rapier of a bailey {venom, Dex+3}
 38933 | Elf:3    | Gained mutation: You are dopey. (Int -2) [a cacodemon]
 38986 | Elf:3    | Noticed a Brimstone Fiend
 39696 | Elf:3    | Identified the +5 chain mail of Gestures {rN+}
 39721 | Elf:3    | Identified the ring of Foolhardiness {*Corrode Int+2 Dex+5
                  | Slay+4}
 39728 | Elf:3    | Noticed a Brimstone Fiend
 39770 | Elf:3    | Identified the ring of the Slug {rPois rC+ Int+4}
 39786 | Elf:3    | Identified the ring of Joeck {rPois Will+ rCorr Str+3
                  | Int+4}
 39809 | Elf:3    | Identified the +3 spear of the Dungeon {spect, Int+5}
 39834 | Elf:3    | Identified the +1 chain mail of the Tarantula {Harm
                  | *Corrode rPois Str+4}
 39863 | Elf:3    | Identified the +4 dagger of Flawed Execution {distort,
                  | Drain rC+ rN+++ Dex+3}
 40498 | Lair:5   | Reached XP level 20. HP: 206/206 MP: 19/19
 40772 | Slime:1  | Entered Level 1 of the Pits of Slime
 40824 | Slime:1  | Gained mutation: Your body sometimes deteriorates upon
                  | taking damage. [a shining eye]
 40828 | Slime:1  | Gained mutation: You have hidden genetic defects. [a
                  | shining eye]
 41245 | Slime:2  | Gained mutation: You occasionally lose the ability to drink
                  | potions when taking damage. [a shining eye]
 41376 | Slime:1  | Gained mutation: You are clumsy. (Dex -2) [a shining eye]
 41380 | Slime:1  | Gained mutation: You are robust. (+10% HP) [a shining eye]
 41386 | Slime:1  | Received a gift from Trog
 41388 | Slime:1  | Gained mutation: Armour fits poorly on your strangely
                  | shaped body. [a shining eye]
 41401 | Slime:1  | Gained mutation: You are very dopey. (Int -4) [a shining
                  | eye]
 41402 | Slime:1  | Gained mutation: You are weak. (Str -2) [a shining eye]
 41407 | Slime:1  | Lost mutation: You are robust. (+10% HP) [a shining eye]
 41446 | Slime:2  | Gained mutation: Your magical capacity is low. (-10% MP) [a
                  | shining eye]
 41554 | Slime:3  | Gained mutation: You are very clumsy. (Dex -4) [a shining
                  | eye]
 41556 | Slime:3  | Gained mutation: You sometimes lose your temper in combat.
                  | [a shining eye]
 41740 | Slime:4  | Gained mutation: You are occasionally teleported next to
                  | monsters. [hidden defects]
 41909 | Slime:4  | HP: 6/206 [acid (5)]
 41914 | Slime:4  | Splashed with acid

Illustrated notes

Levels and vault maps discovered:
D:1:      sevenhm_arrival_forest_fort_small_3, layout_rooms
D:2:      layout_basic
D:3:      layout_basic, nicolae_overflow_squiral
D:4:      layout_basic, mainiacjoe_overflow_catwalk, kennysheep_generic_room_6,
          uniq_natasha, uniq_robin, uniq_grinder
D:5:      layout_rooms, old_standard_altar, nicolae_gozag_zags_fifth_avenue,
          serial_shops, shop, amcnicky_mini_rare_corridor_liquid,
          minmay_misc_feat_x
D:6:      layout_cave_pools
D:7:      layout_basic, minmay_temple_entry_waves, enter_bailey_5
D:8:      layout_cave_pools, mainiacjoe_overflow_alcove_2,
          kennysheep_generic_room_5, uniq_grum
D:9:      layout_irregular_city, orc_0_dummy, uniq_erolcha
D:10:     layout_rooms, ebering_ghost_inner_flame
D:11:     layout_long_grid, david_lair_generic, hellmonk_ghost_happy_afterlife,
          uniq_gastronok
D:12:     layout_roguey, hangedman_decor_points, minivault_16,
          grunt_ministairs_13, uniq_josephine, uniq_lodul
D:13:     layout_roguey, david_vaults_2
D:14:     layout_stronghold, solitary_fountain, serial_shops,
          nicolae_stop_n_shop_1, nicolae_shop_behind_doors,
          nicolae_shop_overgrown_old_shop
D:15:     grunt_enter_depths_magical_seal, layout_basic, serial_corexii_hall,
          corexii_hall_statues_x, corexii_hall_statues_i,
          corexii_hall_statues_u, minmay_fountain_box, uniq_louise, uniq_agnes,
          uniq_rupert
Lair:1:   layout_regular_city, serial_bayou_lake_a
Lair:2:   nzn_winding_woodlands_stair_cross [nzn_winding_woodlands_5x15_eye,
          nzn_winding_woodlands_center_diamonds,
          nzn_winding_woodlands_5x15_parted,
          nzn_winding_woodlands_5x5_closed_star,
          nzn_winding_woodlands_5x5_perimeter,
          nzn_winding_woodlands_5x15_sidewinder,
          nzn_winding_woodlands_center_triple_pond,
          nzn_winding_woodlands_5x15_sawtooth], layout_hall_layers,
          minmay_swamp_entry_swarm, infiniplex_staircase_pool_2
Lair:3:   layout_chaotic_city, guppyfry_snake_entry_garden, serial_bayou,
          serial_bayou_pond_c, serial_bayou_lagoon_a, serial_bayou_crossing,
          serial_bayou_pond_a, serial_bayou_pond_c, serial_bayou_pond_c
Lair:4:   layout_cave_pods, nicolae_volcano_entry_batcave,
          gammafunk_ghost_necromancy, beast_lair_carwin_11
Lair:5:   grunt_lair_end_beastmaster, layout_regular_city,
          minmay_slime_entry_oklob_open, nicolae_lair_run_with_the_wolves,
          uniq_kirke
Swamp:1:  layout_falls_marsh, evilmike_swamp_ruin_house_1,
          nicolae_swamp_big_swirl
Swamp:2:  layout_basic_swamp, nicolae_swamp_well_well_well
Swamp:3:  layout_basic_swamp, hangedman_swamp_blocks, swamp_pool1,
          nicolae_swamp_snake_nest, uniq_jorgrun
Swamp:4:  grunt_swamp_rune_castle, layout_basic_swamp, swamp_pool1,
          nicolae_swamp_wisp_ring_woods
Snake:1:  layout_gridlike, drop_trap, minmay_shoptagon
Snake:2:  layout_onion_interference, st_stairs_8, nicolae_triple_integral
Snake:3:  layout_grid_shapes, minmay_shop_grid_forest, grunt_ministairs_3
Snake:4:  hellmonk_snake_rune_quicksilver_temple, layout_basic, drop_trap,
          st_stairs_13, hangedman_snake_thin_pillar_pass
Slime:1:  layout_caves, nicolae_slime_barrier
Slime:2:  layout_caves
Slime:3:  layout_caves
Slime:4:  layout_caves
Orc:1:    layout_diamond_mine, hellmonk_bongcloud_opening, uniq_erica
Orc:2:    grunt_orc_tribal_feast, layout_diamond_mine,
          portal_ice_cave_demonic_guard, basic_altar, nicolae_orc_stony_grotto
Elf:1:    nicolae_elf_arrival_fired_up, layout_geoelf_grid, serial_shops,
          bzr_firewalk, hangedman_elf_represent
Elf:2:    nicolae_elf_blades_crystal_corner, layout_loops_corners, basic_altar
Elf:3:    minmay_elf_hall_not_hex, layout_geoelf_castle, eino_tiny_chamber

Skill      XL: |  1  2  3  4  5  6  7  8  9 10 11 12 13 14 15 16 17 18 19 20 |
---------------+-------------------------------------------------------------+-----
Axes           | 4 5 6 8 9 10 | 10.0
Fighting       | 7 10 12 13 14 15 22 24 | 24.0
Polearms       | 3 9 11 12 13 15 19 | 19.6
Armour         | 5 9 10 11 12 13 14 15 16 | 16.9
Dodging        | 9 10 13 | 13.6
Throwing       | 10 12 | 12.0
Evocations     | 9 10 | 10.0
Ranged Weapons | 7 |  7.8
Shields        | 4 12 14 16 17 | 17.3

Action                   |  1- 3 |  4- 6 |  7- 9 | 10-12 | 13-15 | 16-18 | 19-21 || total
-------------------------+-------+-------+-------+-------+-------+-------+-------++-------
Melee: Hand axe          |    87 |       |       |       |       |       |       ||    87
       Headbutt          |    10 |     9 |    29 |    75 |   299 |   339 |   220 ||   981
       Punch             |     2 |     1 |     7 |     2 |     4 |       |       ||    16
       War axe           |    18 |    85 |   112 |       |       |       |       ||   215
       Trishula          |       |       |   118 |   435 |  1247 |  1245 |       ||  3045
       Trident           |       |       |       |       |       |   175 |   864 ||  1039
 Fire: Longbow           |       |       |       |       |    12 |       |       ||    12
       Sling             |       |       |       |       |     5 |       |       ||     5
Throw: Stone             |       |       |       |     3 |       |       |       ||     3
       Boomerang         |       |       |       |     7 |    70 |   103 |       ||   180
Invok: Berserk           |       |     1 |     2 |     6 |    11 |    18 |     3 ||    41
       Trog's Hand       |       |       |     1 |     1 |       |       |       ||     2
       Brothers in Arms  |       |       |       |     3 |     4 |    12 |     6 ||    25
  Use: Scroll            |       |     3 |    13 |     8 |     3 |    15 |    12 ||    54
       Potion            |       |       |       |       |     1 |    15 |     3 ||    19
Armor: Animal skin       |    31 |       |       |       |       |       |       ||    31
       Leather armour    |    10 |     6 |       |       |       |       |       ||    16
       Ring mail         |       |     6 |       |       |       |       |       ||     6
       Chain mail        |       |    63 |   175 |   184 |   518 |   459 |       ||  1399
       Troll leather arm |       |       |       |       |       |    65 |       ||    65
       Plate armour      |       |       |       |       |       |    88 |   226 ||   314
Dodge: Dodged            |    85 |    46 |   113 |   137 |   350 |   470 |   153 ||  1354
Block: Kite shield       |       |       |       |       |   254 |   111 |       ||   365
       Tower shield      |       |       |       |       |       |  1501 |   764 ||  2265
